 Dungeon Crawl Stone Soup version 0.19.0-23-gf02e663 (console) character file.

2221 CALLOUS the Slicer (level 9, 0/55 HPs)
             Began as a Kobold Transmuter on Nov 20, 2016.
             Was a Follower of Trog.
             Slain by a wight
             ... wielding a +0 war axe
              (6 damage)
             ... on level 8 of the Dungeon.
             The game lasted 02:33:44 (10513 turns).

CALLOUS the Slicer (Kobold Transmuter)             Turns: 10513, Time: 02:33:44

Health: 0/55       AC: 12    Str: 10    XL:     9   Next: 61%
Magic:  5/12       EV: 15    Int: 14    God:    Trog [*.....]
Gold:   366        SH:  0    Dex: 16    Spells: 4 memorised, 2 levels left

rFire  . . .     SeeInvis .     b - +1 dagger (venom)
rCold  . . .     Gourm    .     t - +3 scale mail {rPois}
rNeg   . . .     Faith    .     (shield restricted)
rPois  +         Spirit   .     G - +0 helmet
rElec  .         Reflect  .     (no cloak)
rCorr  .         Harm     .     p - +0 pair of gloves
MR     .....                    n - +0 pair of boots
Stlth  +.........               (no amulet)
                                (no ring)
                                (no ring)

@: about to teleport, very slightly contaminated, invisible
A: carnivore 3
a: Berserk, Burn Spellbooks, Renounce Religion


You were on level 8 of the Dungeon.
You worshipped Trog.
Trog was aware of your devotion.
You were very full.

You visited 2 branches of the dungeon, and saw 9 of its levels.

You collected 366 gold pieces.

Inventory:

Hand Weapons
 a - a +0 hunting sling
 b - a +1 dagger of venom (weapon)
 C - a +0 war axe
 H - a +1 hunting sling of flaming
 N - a +2 antimagic flail
 X - a +0 spear of venom
Missiles
 e - 144 stones (quivered)
 f - 34 sling bullets
 v - 32 poisoned needles
 B - 80 arrows
 L - 38 bolts
 S - 2 curare-tipped needles
 Y - 6 needles of frenzy
 Z - a throwing net
Armour
 n - a +0 pair of boots (worn)
 p - a +0 pair of gloves (worn)
 s - a +0 robe
 t - a +3 scale mail of poison resistance (worn)
 G - a +0 helmet (worn)
 O - a cursed -1 ring mail
Jewellery
 i - an uncursed ring of wizardry {unknown}
 m - an uncursed amulet of rage {unknown}
 R - an uncursed amulet of magic regeneration {unknown}
Wands
 q - a wand of teleportation (1/9)
 V - a wand of polymorph (8/24)
 W - a wand of flame (18/48)
Scrolls
 g - 3 scrolls of amnesia {unknown}
 j - a scroll of noise {unknown}
 l - 7 scrolls of identify {unknown}
 x - 2 scrolls of remove curse {unknown}
 y - 4 scrolls of recharging {unknown}
 A - 3 scrolls of blinking {unknown}
 E - 2 scrolls of immolation {unknown}
 I - a scroll of enchant armour {unknown}
 M - a scroll of teleportation {unknown}
 Q - a scroll of fear {unknown}
Potions
 o - a potion of haste
 w - a potion of flight
 z - 3 potions of curing
 D - a potion of brilliance
Books
 c - a book of Changes

   Spells                             Type                      Level
   a - Beastly Appendage              Transmutation                1
   b - Sticks to Snakes               Transmutation                2
   c - Spider Form                    Transmutation/Poison         3
   d - Ice Form                       Ice/Transmutation            4
   e - Blade Hands                    Transmutation                5
   Trog disapproves of the use of such an item.
Comestibles
 d - a meat ration
 r - a slice of pizza
 J - 7 beef jerkies


   Skills:
 + Level 5.6 Fighting
 * Level 9.5 Short Blades
 * Level 8.2 Dodging
 + Level 2.8 Stealth
 - Level 3.0 Unarmed Combat
 - Level 2.1 Spellcasting
 - Level 2.0 Transmutations
 * Level 4.8 Evocations


You had 2 spell levels left.
You knew the following spells:

 Your Spells              Type           Power        Failure   Level  Hunger
a - Beastly Appendage     Tmut           #.....       77%         1    #......
b - Sticks to Snakes      Tmut           #.......     92%         2    ###....
c - Spider Form           Tmut/Pois      #.........   100%        3    ###....
d - Ice Form              Ice/Tmut       #.......     100%        4    #####..


Dungeon Overview and Level Annotations

Branches:
Dungeon (8/15)             Temple (1/1) D:4            Lair (0/6) D:8

Altars:
Ashenzari
Cheibriados
Elyvilon
Fedhas
Gozag
Hepliaklqana
Kikubaaqudgha
Makhleb
Okawaru
Qazlal
Ru
Sif Muna
Trog
Vehumet
Xom
Yredelemnul
Zin
The Shining One

Shops:
D:4 *

Annotations:
D:2 1 exclusion
D:4 1 exclusion
D:5 GordonOverkill's ghost, amateur FoNe
D:6 exclusion: ice beast


Innate Abilities, Weirdness & Mutations

You are small and have problems with some larger weapons.
You are carnivorous and can eat meat at any time.


Message History

Evoking this partially-identified wand wasted a few charges.
The wight hits you with an enchanted battleaxe.
* * * LOW HITPOINT WARNING * * *
The wight hits you but does no damage.
Press: ? - help, v - describe, . - travel
Here: a wight, wielding an enchanted battleaxe and wearing a robe The floor.
Unknown command.
Unknown command.
You fade into invisibility!
The wight misses you. x2
You are very lightly contaminated with residual magic.
All of the chunks of flesh in your inventory have rotted away.
Press: ? - help, v - describe, . - travel
Here: a wight, wielding an enchanted battleaxe and wearing a robe The floor.
Unknown command.
You closely miss the wight. You barely miss the wight.
The wight hits you with a war axe.
You die...

#######
#...z@#
#.###z#
.Z.
.#.##
#.#.# #
#.# #.#
#.#


You could see 2 wights and an adder skeleton.

Vanquished Creatures
  4 porcupines (D:8)
  2 black bears
  2 ogres
  A crocodile (D:8)
  3 bullfrogs
  A gnoll sergeant (D:8)
  A scorpion (D:8)
  3 howler monkeys (D:6)
  A bullfrog zombie (D:6)
  2 crimson imps
  2 hounds
  3 orc wizards
  A centaur skeleton (D:4)
  An orc priest (D:4)
  A bullfrog skeleton (D:4)
  5 iguanas
  Terence (D:3)
  Natasha (thrice) (D:3)
  A worker ant (D:7)
  2 hound skeletons
  A worker ant zombie (D:7)
  Robin (D:3)
  A howler monkey skeleton (D:8)
  5 gnolls (D:8)
  A river rat (D:8)
  9 adders
  An ooze (D:1)
  An adder zombie (D:7)
  2 adder skeletons
  3 worms
  4 dart slugs
  4 leopard geckos
  16 orcs
  A ball python (D:6)
  11 bats
  16 giant cockroaches
  15 goblins
  14 hobgoblins
  14 jackals
  12 kobolds
  2 quokkas
  8 frilled lizards
  7 rats
189 creatures vanquished.

Vanquished Creatures (collateral kills)
  A rat (D:3)
1 creature vanquished.

Vanquished Creatures (others)
  2 fungi (D:8)
  5 plants (D:8)
7 creatures vanquished.

Grand Total: 197 creatures vanquished

Notes
Turn   | Place    | Note
-------+----------+-------------------------------------------
     0 | D:1      | CALLOUS the Kobold Transmuter began the quest for the Orb.
     0 | D:1      | Reached XP level 1. HP: 12/12 MP: 3/3
   279 | D:1      | Reached XP level 2. HP: 16/16 MP: 3/5
   283 | D:1      | Learned a level 2 spell: Sticks to Snakes
  1062 | D:1      | Reached XP level 3. HP: 20/20 MP: 4/6
  2200 | D:3      | Noticed Natasha
  2221 | D:3      | Killed Natasha
  2221 | D:3      | Reached skill level 1 in Short Blades
  2221 | D:3      | Reached XP level 4. HP: 10/25 MP: 2/7
  2484 | D:3      | Noticed Natasha
  2496 | D:3      | Killed Natasha
  2496 | D:3      | Reached skill level 2 in Short Blades
  2496 | D:3      | Reached skill level 5 in Dodging
  2496 | D:3      | Reached XP level 5. HP: 30/30 MP: 4/8
  2500 | D:3      | Noticed Natasha
  2506 | D:3      | Killed Natasha
  2643 | D:3      | Noticed Robin
  2649 | D:3      | Noticed Terence
  2816 | D:3      | Killed Terence
  3093 | D:1      | Reached skill level 1 in Stealth
  3501 | D:2      | Reached XP level 6. HP: 33/35 MP: 9/9
  3687 | D:2      | Reached skill level 1 in Evocations
  3910 | D:2      | Found a basalt altar of Yredelemnul.
  4165 | D:2      | Found a blossoming altar of Fedhas.
  4748 | D:3      | Killed Robin
  5012 | D:3      | Found a faded altar of an unknown god.
  5049 | D:3      | Found a hazy altar of Hepliaklqana.
  5526 | D:4      | Reached skill level 3 in Short Blades
  5616 | D:4      | Found Icelixt's Elemental Accessories.
  5880 | D:4      | Reached XP level 7. HP: 32/40 MP: 10/10
  6138 | D:4      | Reached skill level 4 in Short Blades
  6269 | D:4      | Found a staircase to the Ecumenical Temple.
  6279 | Temple   | Entered the Ecumenical Temple
  6537 | Temple   | Learned a level 3 spell: Spider Form
  6542 | Temple   | Learned a level 4 spell: Ice Form
  6542 | Temple   | Became a worshipper of Trog the Wrathful
  6936 | D:5      | Entered Level 5 of the Dungeon
  7151 | D:5      | Noticed GordonOverkill's ghost (amateur FoNe)
  7588 | D:6      | Reached skill level 5 in Short Blades
  7588 | D:6      | Reached XP level 8. HP: 22/46 MP: 11/11
  7774 | D:6      | Found a burning altar of Makhleb.
  8122 | D:6      | Reached skill level 6 in Short Blades
  8500 | D:7      | Found a radiant altar of Vehumet.
  8638 | D:7      | Reached * piety under Trog
  9077 | D:7      | Reached skill level 7 in Short Blades
  9529 | D:8      | Reached XP level 9. HP: 45/52 MP: 12/12
  9606 | D:8      | Reached skill level 8 in Short Blades
 10020 | D:8      | Reached skill level 9 in Short Blades
 10307 | D:8      | Reached skill level 5 in Fighting
 10458 | D:8      | Found a staircase to the Lair.
 10513 | D:8      | Slain by a wight

Skill      XL: |  1  2  3  4  5  6  7  8  9 |
---------------+----------------------------+-----
Dodging        | 3 4 5 6 7 8 |  8.2
Short Blades   | 1 2 3 5 7 9 |  9.5
Stealth        | 1 2 |  2.8
Fighting       | 2 3 4 5 |  5.6
Evocations     | 1 2 3 4 |  4.8
Unarmed Combat | |  3.0
Spellcasting   | |  2.1
Transmutations | |  2.0

Action                   |  1- 3 |  4- 6 |  7- 9 || total
-------------------------+-------+-------+-------++-------
Melee: Unarmed           |   171 |    31 |       ||   202
       Kick              |    20 |       |       ||    20
       Headbutt          |     9 |     7 |       ||    16
       Dagger            |       |   204 |   350 ||   554
       Punch             |       |     2 |     6 ||     8
 Fire: Hunting sling     |       |    38 |   129 ||   167
Throw: Stone             |    65 |   121 |    24 ||   210
 Cast: Beastly Appendage |    32 |    10 |       ||    42
       Sticks to Snakes  |     3 |     2 |       ||     5
Evoke: Wand              |       |       |     2 ||     2
  Use: Potion            |       |     4 |     4 ||     8
 Stab: Sleeping          |     1 |       |       ||     1
  Eat: Chunk             |    13 |    13 |    14 ||    40
Armor: Robe              |    26 |     2 |       ||    28
       Scale mail        |       |    74 |   109 ||   183
Dodge: Dodged            |   164 |   128 |   191 ||   483
